 Dungeon Crawl Stone Soup version 0.31-a0-167-g1c394c0614 (webtiles) character file.

Game seed: 16398116261390145898

1106 jasper the Tainter (level 8, -6/40 HPs)
             Began as a Spriggan Venom Mage on June 14, 2023.
             Was a Follower of Sif Muna.
             Engulfed by a cloud of flame (13 damage)
             ... on level 5 of the Dungeon.
             The game lasted 00:10:03 (5774 turns).

jasper the Tainter (Spriggan Venom Mage)            Turns: 5774, Time: 00:10:03

Health: -6/40      AC:  5    Str:  4    XL:     8   Next: 11%
Magic:  13/13      EV: 18    Int: 18    God:    Sif Muna [*.....]
Gold:   42         SH:  5    Dex: 16    Spells: 3/13 levels left

rFire   . . .        s - +3 scimitar (freeze)
rCold   . . .        (no shield)
rNeg    . . .        m - +0 steam dragon scales
rPois   .            (helmet restricted)
rElec   .            (no cloak)
rCorr   .            (gloves unavailable)
SInv    +            (boots unavailable)
Will    +....        l - amulet of reflection
Stlth   +++          (no ring)
HPRegen 0.26/turn    (no ring)
MPRegen 0.13/turn

%: reflection
@: very quick
A: very small, no large weapons, unfitting armour, see invisible, speed 3
a: Renounce Religion, Channel Magic


You were on level 5 of the Dungeon.
You worshipped Sif Muna.
Sif Muna was aware of your devotion.
You visited 1 branch of the dungeon, and saw 8 of its levels.

You collected 307 gold pieces.
You spent 265 gold pieces at shops.

Inventory:

Hand Weapons
 c - a +0 dagger
 e - a +0 spear
 h - a +3 dagger of venom
 k - a +2 scimitar of pain
 p - a +1 spear of venom
 s - a +3 scimitar of freezing (weapon)
Armour
 a - a +0 robe
 m - +0 steam dragon scales (worn)
Jewellery
 i - a ring of ice
 l - an amulet of reflection (around neck)
Scrolls
 f - 3 scrolls of identify
 q - a scroll of enchant weapon
 t - a scroll of teleportation
 v - a scroll of acquirement {unknown}
 w - a scroll of revelation {unknown}
Potions
 b - a potion of magic
 d - a potion of cancellation
 g - a potion of berserk rage
 j - a potion of enlightenment
 n - a potion of brilliance {unknown}
 o - a potion of might
 r - a potion of heal wounds {unknown}
 u - a potion of haste


   Skills:
 + Level 3.3 Fighting
 + Level 3.7 Dodging
 - Level 4.0 Stealth
 - Level 3.0 Spellcasting
 - Level 1.0 Conjurations
 - Level 1.3 Transmutations
 - Level 1.0 Air Magic
 - Level 8.0 Poison Magic
 + Level 1.5 Invocations


You had 3 spell levels left.
You knew the following spells:

 Your Spells              Type           Power      Damage    Failure   Level
a - Sting                 Tmut/Pois      76%        1d6       2%          1
b - Poisonous Vapours     Pois/Air       38%        N/A       3%          2
c - Mephitic Cloud        Conj/Pois/Air  14%        N/A       12%         3
d - Olgreb's Toxic Radia  Pois           31%        N/A       6%          4

Your spell library contained the following spells:

 Spells                   Type           Power      Damage    Failure   Level
 Static Discharge         Conj/Air       12%        2-3/arc   16%         2
 Dazzling Flash           Conj/Hex       8%         N/A       36%         3
 Volatile Blastmotes      Fire/Tloc      4%         2d10      43%         3
 Airstrike                Air            3%         2d(1-17)  71%         4
 Iskenderun's Mystic Bla  Conj/Tloc      4%         2d3       78%         4
 Summon Lightning Spire   Summ/Air       4%         N/A       78%         4
 Starburst                Conj/Fire      2%         6d3       100%        6


Dungeon Overview and Level Annotations

Branches:
Dungeon (8/15)             Temple (0/1) D:4
   Lair: D:8-11

Altars:
Fedhas
Sif Muna
Trog

Shops:
D:1 *   D:2 (   D:5 ?   D:7 (

Portals:
Ossuary: D:4


Innate Abilities, Weirdness & Mutations

You are very small and have problems with some larger weapons.
You are too small for most types of armour.
You have supernaturally acute eyesight. (SInv)
You cover ground extremely quickly. (Speed+++)


Message History

Things that are here:
a +0 spear; a gnoll corpse
v - a scroll labelled IQONUTHE OLLEZ
Okay, then.
Really walk into a travel-excluded area? [Y]es or [N]o only, please.
Really walk into a travel-excluded area?
Okay, then.
Really walk into a travel-excluded area?
Found a glowing barding.
You are engulfed in blazing flames.
Ouch! That really hurt!
You take 19 damage, and have 21/40 hp.
MASSIVE DAMAGE!!
You are engulfed in blazing flames.
* * * LOW HITPOINT WARNING * * *
You take 12 damage, and have 9/40 hp.
MASSIVE DAMAGE!!
You are engulfed in blazing flames.
* * * LOW HITPOINT WARNING * * *
You take 5 damage, and have 4/40 hp.
You start resting.
HP restored.
Health restored: 40
f - 3 scrolls of identify (gained 2)
You now have 42 gold pieces (gained 13).
You see here a +0 spear.
w - a scroll labelled SUELUGGAIC Really walk into a travel-excluded area? [Y]es or [N]o only, please.
Really walk into a travel-excluded area?
You pick up a book of Spectacle and begin reading...
You add the spells Volatile Blastmotes, Dazzling Flash, Iskenderun's Mystic Blast and Starburst to your library.
Really walk into a travel-excluded area?
You are engulfed in blazing flames.
Ouch! That really hurt!
You take 22 damage, and have 18/40 hp.
MASSIVE DAMAGE!!
You are engulfed in blazing flames.
* * * LOW HITPOINT WARNING * * *
You take 11 damage, and have 7/40 hp.
MASSIVE DAMAGE!!
You are engulfed in blazing flames.
You die...

#......# #§°.#
#......#### #§..#
#.)....)...
######...#####÷.....####
#..○§.....§.........+
§°§.[.}.§°........#
....:.§○..#.#####
##...######.# #.@°# #.#
#○°○# #.# #§§○# ##.#
#...#####..#
##........## ##########


There were no monsters in sight!

Vanquished Creatures
  Maggie (D:6)
  A sky beast (D:7)
  A black bear (D:5)
  A phantom (D:5)
  5 wights (D:6)
  An electric eel (D:6)
  A jelly (D:4)
  2 hounds
  An iguana (D:5)
  3 adders (D:2)
  6 gnolls
  3 worms
  4 dart slugs
  13 orcs
  5 ball pythons
  5 endoplasms
  2 giant cockroaches
  8 goblins
  5 hobgoblins
  3 jackals (D:1)
  7 kobolds
  7 quokkas
  2 bats (D:3)
  5 frilled lizards
  6 rats
98 creatures vanquished.

Notes
Turn   | Place    | Note
-------+----------+-------------------------------------------
     0 | D:1      | jasper the Spriggan Venom Mage began the quest for the Orb.
     0 | D:1      | Reached XP level 1. HP: 9/9 MP: 5/5
   237 | D:1      | Reached XP level 2. HP: 13/14 MP: 0/7
   240 | D:1      | Learned a level 2 spell: Poisonous Vapours
   683 | D:1      | Reached skill level 1 in Fighting
   938 | D:1      | Found Dichiema's General Store.
   947 | D:1      | Bought a scroll of identify for 22 gold pieces
  1602 | D:2      | Reached XP level 3. HP: 18/18 MP: 1/8
  1673 | D:2      | Learned a level 3 spell: Mephitic Cloud
  2124 | D:2      | Found Fidyhuack's Weapon Shoppe.
  2321 | D:2      | Reached XP level 4. HP: 23/23 MP: 5/9
  2830 | D:3      | Found a shimmering blue altar of Sif Muna.
  2847 | D:3      | Became a worshipper of Sif Muna the Loreminder
  3596 | D:4      | Reached XP level 5. HP: 24/28 MP: 4/10
  3663 | D:4      | Found a staircase to the Ecumenical Temple.
  3733 | D:4      | Found a sand-covered staircase.
  3851 | D:4      | Found a bloodstained altar of Trog.
  3979 | D:4      | Reached skill level 4 in Poison Magic
  4003 | D:4      | Reached * piety under Sif Muna
  4162 | D:4      | Learned a level 4 spell: Olgreb's Toxic Radiance
  4584 | D:5      | Entered Level 5 of the Dungeon
  4659 | D:5      | Found a blossoming altar of Fedhas.
  4678 | D:5      | You fall into a shaft and drop 3 floors!
  4685 | D:7      | Noticed a sky beast
  4685 | D:7      | Found Geihyolu's Antique Weapon Emporium.
  4705 | D:7      | Killed a sky beast
  4706 | D:7      | Reached skill level 5 in Poison Magic
  4706 | D:7      | Reached XP level 6. HP: 15/32 MP: 1/11
  4715 | D:7      | Noticed a water moccasin
  4716 | D:7      | Bought a runed scimitar for 210 gold pieces
  4792 | D:6      | Noticed Maggie
  4811 | D:6      | HP: 2/48 [Maggie/+2 scimitar of pain (2)]
  4814 | D:6      | Killed Maggie
  4815 | D:6      | Reached skill level 6 in Poison Magic
  4815 | D:6      | Reached XP level 7. HP: 3/36 MP: 3/12
  4818 | D:6      | Reached skill level 7 in Poison Magic
  4844 | D:6      | Reached skill level 8 in Poison Magic
  5153 | D:6      | Reached skill level 1 in Air Magic
  5426 | D:5      | Reached skill level 1 in Conjurations
  5456 | D:5      | Found Peudwojy's Magic Scroll Shoppe.
  5461 | D:5      | Bought a scroll of teleportation for 33 gold pieces
  5492 | D:5      | Reached skill level 1 in Invocations
  5499 | D:5      | Reached XP level 8. HP: 23/40 MP: 6/13
  5774 | D:5      | Engulfed by a cloud of flame

Illustrated notes

Levels and vault maps discovered:
D:1:      eino_arrival_water_cross, layout_basic, serial_shops, shop
D:2:      layout_loops_cross, serial_shops, shop, kennysheep_generic_room_6
D:3:      layout_loops_ring, nicolae_sif_muna_condensation, st_stairs_6
D:4:      layout_loops_ring, mainiacjoe_overflow_brackets, temple_green,
          nicolae_ossuary_entry_plus, minivault_27
D:5:      layout_basic, fedhas_altar_3, mainiacjoe_overflow_alcove_2,
          serial_shops, nicolae_shop_pleasant_corner_grove, lemuel_flame_loot_1
D:6:      layout_basic, mainiacjoe_overflow_catwalk, serial_shops, shop,
          gammafunk_ghost_gnarly_gnolls, kennysheep_pointless_box,
          nicolae_hexahallways, uniq_maggie
D:7:      layout_loops_cross, serial_shops, shop_fountains, nicolae_shop_gadgets
D:8:      layout_basic, mainiacjoe_overflow_24_doors, david_lair_generic,
          kennysheep_generic_room_3, uniq_joseph, uniq_psyche

Skill      XL: |  1  2  3  4  5  6  7 |
---------------+----------------------+-----
Spellcasting   | 3 |  3.0
Fighting       | 1 2 3 |  3.3
Stealth        | 4 |  4.0
Poison Magic   | 5 6 8 |  8.0
Air Magic      | 1 |  1.0
Conjurations   | 1 |  1.0
Dodging        | 3 |  3.7
Invocations    | 1 |  1.5
Transmutations | |  1.3

Action                     |  1- 3 |  4- 6 |  7- 9 || total
---------------------------+-------+-------+-------++-------
  Melee: Dagger            |    24 |    50 |       ||    74
         Unarmed           |     1 |     5 |    11 ||    17
         Scimitar          |       |     4 |    22 ||    26
   Cast: Sting             |    52 |    66 |       ||   118
         Poisonous Vapours |    21 |    19 |    11 ||    51
         Olgreb's Toxic Ra |       |       |     2 ||     2
  Evoke: Wand              |       |     1 |     5 ||     6
    Use: Scroll            |       |    11 |     1 ||    12
         Potion            |       |     4 |       ||     4
   Stab: Invisible         |       |     1 |     4 ||     5
 Armour: Robe              |     2 |     4 |       ||     6
         Skin              |       |     3 |     2 ||     5
         Steam dragon scal |       |       |     5 ||     5
  Dodge: Dodged            |    40 |    51 |    27 ||   118
  Block: Other             |       |     9 |    15 ||    24

Table legend: (Time is in decaauts)
 A = Elapsed time spent in this place.
 B = Non-inter-level travel time spent in this place.
 C = Inter-level travel time spent in this place.
 D = Time resting spent in this place.
 E = Time spent auto-exploring this place.
 F = Levels seen in this place.
 G = Mean time per level.
                   A        B        C        D        E       F      G
               +--------+--------+--------+--------+--------+-----+--------+
         Total |   4533 |   4452 |     81 |    331 |   3338 |   8 |  566.6 |
       Dungeon |   4533 |   4452 |     81 |    331 |   3338 |   8 |  566.6 |
               +--------+--------+--------+--------+--------+-----+--------+

Top non-repeatable levels by time:
     D:1: 1009 daAuts
     D:2: 950 daAuts
     D:3: 852 daAuts
     D:4: 746 daAuts
     D:5: 444 daAuts
     D:6: 435 daAuts
     D:7: 89 daAuts
     D:8: 4 daAuts
